 Dungeon Crawl Stone Soup version 0.21.1-1-g345015f (webtiles) character file.

27 Supreme the Magician (level 2, -7/15 HPs)
             Began as a Deep Elf Wizard on Apr 26, 2018.
             Killed from afar by Natasha (9 damage)
             ... with a magic dart
             ... on level 2 of the Dungeon.
             The game lasted 00:07:29 (1390 turns).

Supreme the Magician (Deep Elf Wizard)              Turns: 1390, Time: 00:07:31

Health: -7/15      AC:  2    Str:  4    XL:     2   Next: 93%
Magic:  5/10       EV: 13    Int: 22    God:
Gold:   46         SH:  0    Dex: 13    Spells: 5/12 levels left

rFire    . . .     SeeInvis .   k - +0 short sword
rCold    . . .     Gourm    .   (no shield)
rNeg     . . .     Faith    .   a - +0 robe
rPois    .         Spirit   .   b - +0 hat
rElec    .         Reflect  .   (no cloak)
rCorr    .         Harm     .   (no gloves)
MR       .....                  (no boots)
Stlth    ++........             (no amulet)
HPRegen  0.05/turn              (no ring)
MPRegen  0.12/turn              (no ring)

@: slowed, very slow
A: no striking features
a: no special abilities


You were on level 2 of the Dungeon.
You were not hungry.

You visited 1 branch of the dungeon, and saw 2 of its levels.

You collected 46 gold pieces.

Inventory:

Hand Weapons
 f - a +2 antimagic dagger
 g - a +0 vampiric spear
 h - a +0 dagger
 k - a +0 short sword (weapon)
Missiles
 e - 69 stones (quivered)
 l - 7 needles of sleeping
 m - 22 arrows
 p - 15 poisoned needles
Armour
 a - a +0 robe (worn)
 b - a +0 hat (worn)
 i - a +1 chain mail of cold resistance
 j - a +0 shield
Scrolls
 n - a scroll of immolation {unknown}
 o - a scroll of amnesia {unknown}
Potions
 r - a potion of lignification {unknown}
Books
 c - a book of Minor Magic

   Spells                             Type                      Level
   a - Magic Dart                     Conjuration                  1
   b - Blink                          Translocation                2
   c - Call Imp                       Summoning                    2
   d - Slow                           Hexes                        2
   e - Conjure Flame                  Conjuration/Fire             3
   f - Mephitic Cloud                 Conjuration/Poison/Air       3
Comestibles
 d - 4 rations
 q - 3 chunks of flesh


   Skills:
 + Level 2.6 Dodging
 + Level 2.6 Stealth
 + Level 5.5 Spellcasting
 + Level 1.1 Conjurations
 + Level 1.2 Summonings
 + Level 1.1 Translocations


You had 5 spell levels left.
You knew the following spells:

 Your Spells              Type           Power        Failure   Level  Hunger
a - Magic Dart            Conj           ##..         6%          1    None
b - Blink                 Tloc           N/A          9%          2    None
c - Call Imp              Summ           ##......     9%          2    None
d - Slow                  Hex            #.......     14%         2    None


Dungeon Overview and Level Annotations

Branches:
Dungeon (2/15)

Altars:

Annotations:
D:2 Natasha


Message History

Aiming: Magic Dart
Press: ? - help, Shift-Dir - straight line, f/p - Natasha
Aim: Natasha (severely wounded)
The magic dart hits Natasha.
Natasha is severely wounded.
The rat barely misses you. The rat bites you.
* * * LOW HITPOINT WARNING * * *
Casting: Magic Dart
Confirm with . or Enter, or press ? or * to list all spells.
Aiming: Magic Dart
Press: ? - help, Shift-Dir - straight line, f/p - Natasha
Aim: Natasha (severely wounded)
The magic dart hits Natasha.
Natasha is almost dead.
Natasha completely misses you. The rat bites you.
* * * LOW HITPOINT WARNING * * *
Natasha casts a spell at you. The magic dart hits you!
Ouch! That really hurt!
You die...

...... ......
.....# ....?.
.....# ##....#
.....# #...... #
.....# #......###
#.##. .....#
#........ ....
#####
#.......#######.##
#...hr##.#.....#
#.###@##.......#
#.....#.###.######
####
#..#..#..........#
...#
#..#.....##.####.#
...#
#..##..........#
...# #
#..##########.##.##
...#######.# #..#
#...........
##..........
#..#####.####.###..
........##
#..........#.(.<


You could see Natasha and a rat.

Vanquished Creatures
  A giant cockroach (D:1)
  4 goblins
  3 hobgoblins (D:1)
  2 jackals (D:1)
  4 bats
  A frilled lizard (D:2)
  5 kobolds (D:1)
  2 rats
22 creatures vanquished.

Vanquished Creatures (collateral kills)
  3 jackals (D:2)
  A jackal skeleton (D:2)
4 creatures vanquished.

Grand Total: 26 creatures vanquished

Notes
Turn   | Place    | Note
-------+----------+-------------------------------------------
     0 | D:1      | Supreme the Deep Elf Wizard began the quest for the Orb.
     0 | D:1      | Reached XP level 1. HP: 10/10 MP: 7/7
   248 | D:1      | Reached skill level 5 in Spellcasting
   297 | D:1      | Reached XP level 2. HP: 13/15 MP: 3/10
   301 | D:1      | Learned a level 2 spell: Blink
   304 | D:1      | Learned a level 2 spell: Call Imp
   307 | D:1      | Learned a level 2 spell: Slow
  1383 | D:2      | Noticed Natasha
  1390 | D:2      | Killed from afar by Natasha

Skill      XL: |  1 |
---------------+----+-----
Spellcasting   | 5 |  5.5
Dodging        | |  2.6
Stealth        | |  2.6
Conjurations   | |  1.1
Summonings     | |  1.2
Translocations | |  1.1

Action                   || total
-------------------------++-------
Melee: Short sword       ||    18
 Cast: Magic Dart        ||    59
       Call Imp          ||     5
 Stab: Sleeping          ||     1
  Eat: Chunk             ||     1
Armor: Robe              ||    14
Dodge: Dodged            ||    52
